Unix NetHack Version 3.7.0-73 Work-in-progress - last build Feb 17 2023 02:16:44 (48fe2e8c4a70f1d2d5b622443eb9b5bc1b8d05f7,branch:master). Game began 2023-02-24 11:00:39, ended 2023-02-24 11:17:04. Gandelf, neutral male human Monk --------------------------------- ................................| |...-----------@------ ------ | |...|.((.| |.| |..%|+(((| @- |...-...(| T| ##....|----- -.- #|...| . #|...| [ #|...| . #|...| ) ----.-- #|...- ... |...... #|...( )*. |.....| # #|.... ---- |......##############|..... |...<.|### #|...... |...... -------- ------- Gandelf the Initiate St:16 Dx:18 Co:12 In:11 Wi:11 Ch:7 Neutral S:2504 Dlvl:7 $:60 HP:0(41) Pw:29(29) AC:3 Xp:6/536 T:2065 Hungry Latest messages: Nosalnef seems uninterested. You drop a dwarvish cloak. Nosalnef seems uninterested. You drop a dwarvish cloak. Nosalnef seems uninterested. P - a bow. O - a bow. T - 2 darts. C - a runed dagger. U - a dagger. M - a pair of iron shoes. N - a dwarvish cloak. J - a dwarvish cloak. The quasit hits! The quasit misses! The quasit misses! "Hello, Gandelf! Welcome again to Nosalnef's hardware store!" The quasit hits! The quasit hits! The quasit bites! You are beginning to feel hungry. You hit the quasit! The quasit hits! The quasit's sting was poisoned! The poison doesn't seem to affect you. The quasit hits! The quasit bites! You hit the quasit! The quasit misses! The quasit hits! The quasit misses! You hit the quasit! The quasit hits! The quasit hits! The quasit bites! The quasit hits! The quasit hits! The quasit misses! You kill the quasit! You see here a quasit corpse. The troll plays a horn directed at you! The bolt of fire hits the Grey-elf! The bolt of fire hits you! Your gloves smoulder! You die... Do you want your possessions identified? [ynq] (y) y Do you want to see your attributes? [ynq] (y) y Do you want an account of creatures vanquished? [ynaq] (y) y Do you want to see your conduct and achievements? [ynq] (y) y Do you want to see the dungeon overview? [ynq] (y) y Inventory: Coins $ - 60 gold pieces Weapons K - 26 +0 arrows O - a blessed +1 bow L - a +0 bow P - a +0 bow T - 2 +0 darts l - 17 cursed +0 darts U - a +0 dagger C - a +0 elven dagger Armor a - an uncursed burnt +2 pair of leather gloves (being worn) M - an uncursed +0 pair of iron shoes I - a cursed +0 pair of iron shoes (being worn) N - an uncursed +2 dwarvish cloak J - an uncursed +0 dwarvish cloak b - an uncursed +1 robe (being worn) Comestibles g - 6 uncursed apples f - 3 uncursed food rations i - 4 uncursed fortune cookies h - 7 uncursed oranges q - 3 uncursed tripe rations o - an uncursed lichen corpse Scrolls n - a cursed scroll of blank paper d - an uncursed scroll of create monster G - an uncursed scroll of identify B - an uncursed scroll of light u - a blessed scroll of remove curse w - an uncursed scroll of remove curse V - an uncursed scroll of teleportation Spellbooks c - a blessed spellbook of confuse monster Potions x - an uncursed potion of blindness S - an uncursed potion of healing j - an uncursed potion of restore ability s - an uncursed potion of water e - 3 potions of unholy water Wands p - a wand of cold (0:8) t - a cursed wand of teleportation (0:5) Tools Y - a +0 grappling hook Q - an uncursed magic lamp k - an uncursed skeleton key H - an uncursed stethoscope Gems/Stones R - 3 uncursed worthless pieces of black glass m - an uncursed worthless piece of blue glass W - an uncursed worthless piece of orange glass F - 2 uncursed worthless pieces of yellow glass Gandelf the Monk's attributes: Background: You were an Initiate, a level 6 male human Monk. You were neutral, on a mission for Chih Sung-tzu who was opposed by Shan Lai Ching (lawful) and Huan Ti (chaotic). You were in the Gnomish Mines, on level 7. You entered the dungeon 2065 turns ago. You had 536 experience points, 104 more were needed to attain level 7. Your score was 2504 before end-of-game adjustments. Basics: You had 0 out of 41 hit points. You had all 29 energy points (spell power). Your armor class was 3. Your wallet contained 60 zorkmids. Autopickup was on for '$?!+/=' plus thrown. Final Characteristics: Your strength was 16 (limit:18/100). Your dexterity was 18 (limit:18). Your constitution was 12 (limit:18). Your intelligence was 11 (limit:18). Your wisdom was 11 (limit:18). Your charisma was 7 (limit:18). Final Status: You were hungry. You were unencumbered. You were empty handed. You were skilled in martial arts. Final Attributes: You were piously aligned. You were sleep resistant. You were poison resistant. You saw invisible. You were stealthy. You were guarded. You were fast. You are dead. Miscellaneous: You encountered 1 bones level. Total elapsed playing time was 16 minutes and 24 seconds. Major events: Turn 1: Gandelf the neutral male human Monk entered the dungeon 789: attained the rank of Novice (level 3) 1394: entered the Gnomish Mines 1856: attained the rank of Initiate (level 6) 2034: reached Mine Town 2065: killed by a bolt of fire Vanquished creatures: a gnome mummy a bugbear a quasit a rock piercer a shrieker 3 gnome leaders a gnomish wizard 2 elf zombies 4 dwarves a homunculus a rabid rat a werejackal an iguana 3 killer bees an acid blob a coyote a hobbit 2 giant rats a yellow mold 19 gnomes 2 geckos 4 jackals a fox 2 kobolds 4 goblins 3 grid bugs 4 lichens a kobold zombie 5 newts 73 creatures vanquished. No species were genocided or became extinct. Voluntary challenges: You followed a strict vegan diet. You never hit with a wielded weapon. You were illiterate. You never engraved Elbereth. You never genocided any monsters. You never polymorphed an object. You never changed form. You used no wishes. Achievements: You attained the rank of Novice. You entered the Gnomish Mines. You attained the rank of Initiate. You entered Minetown. You entered a shop. The Dungeons of Doom: levels 1 to 6 Level 1: A sink. Level 2: An altar to Chih Sung-tzu. Level 3: Level 4: Stairs down to The Gnomish Mines. Level 5: Level 6: The Gnomish Mines: levels 5 to 7 Level 5: Level 6: Level 7: <- You were here. A shop, a grave. Final resting place for you, killed by a bolt of fire, desertgreg-Ran-Orc-Mal-Cha, killed by a troll, DragonSidedD-Mon-Hum-Mal-Cha, killed by a troll. Game over: ---------- / \ / REST \ / IN \ / PEACE \ / \ | Gandelf | | 60 Au | | killed by a bolt | | of fire | | | | | | 2023 | *| * * * | * _________)/\\_//(\/(/\)/\//\/|_)_______ Goodbye Gandelf the Monk... You died in The Gnomish Mines on dungeon level 7 with 2498 points, and 60 pieces of gold, after 2065 moves. You were level 6 with a maximum of 41 hit points when you died.